 Dungeon Crawl Stone Soup version 0.22.1-2-g9c5b331 (webtiles) character file.

2306 thomasnlv21 the Skirmisher (level 9, -6/79 HPs)
             Began as a Minotaur Berserker on Nov 19, 2018.
             Was an Elder of Trog.
             Mangled by an orc warrior
             ... wielding a +0 war axe
              (21 damage)
             ... on level 6 of the Dungeon.
             The game lasted 00:19:18 (6439 turns).

thomasnlv21 the Skirmisher (Minotaur Berserker)     Turns: 6439, Time: 00:19:20

Health: -6/79      AC: 11    Str: 27    XL:     9   Next: 18%
Magic:  8/8        EV: 11    Int:  4    God:    Trog [****..]
Gold:   330        SH:  0    Dex: 11    Spells: 8/8 levels left

rFire    . . .     SeeInvis .   a - +1 hand axe
rCold    . . .     Gourm    .   (no shield)
rNeg     . . .     Faith    .   r - +0 chain mail
rPois    .         Spirit   .   (helmet restricted)
rElec    .         Reflect  .   d - +0 cloak
rCorr    .         Harm     .   (no gloves)
MR       .....                  (no boots)
Stlth    ..........             (no amulet)
HPRegen  0.23/turn              b - +3 ring of strength
MPRegen  0.11/turn              v - ring of stealth

@: no status effects
A: retaliatory headbutt, horns 2
a: Berserk, Trog's Hand, Brothers in Arms, Renounce Religion


You were on level 6 of the Dungeon.
You worshipped Trog.
Trog was greatly pleased with you.
You were very hungry.

You visited 2 branches of the dungeon, and saw 7 of its levels.
You also visited: Sewer.

You collected 330 gold pieces.

Inventory:

Hand Weapons
 a - a +1 hand axe (weapon)
 m - a cursed +0 giant club
Armour
 d - a +0 cloak (worn)
 f - a +0 shield
 g - a +0 ring mail
 r - a +0 chain mail (worn)
Jewellery
 b - a +3 ring of strength (left hand)
 h - an uncursed ring of wizardry
 v - a ring of stealth (right hand)
Wands
 j - a wand of disintegration (29)
 l - a wand of flame (22)
 p - a wand of random effects (17)
Scrolls
 e - a scroll of teleportation
 i - 4 scrolls of remove curse
 k - a scroll of immolation
 n - 2 scrolls of magic mapping
 o - 4 scrolls of enchant weapon
 q - 3 scrolls of identify
 u - 2 scrolls of fog
 x - a scroll of blinking
 y - a scroll of amnesia {unknown}
Potions
 s - a potion of curing
 t - a potion of haste
 w - a potion of heal wounds
 z - a potion of ambrosia {unknown}
Comestibles
 c - 14 rations


   Skills:
 * Level 7.5 Fighting
 * Level 7.4 Axes
 * Level 6.9 Armour
 * Level 6.4 Dodging
 + Level 1.5 Stealth
 * Level 6.0 Shields


You had 8 spell levels left.
You didn't know any spells.
Your spell library was empty.

Dungeon Overview and Level Annotations

Branches:
Dungeon (6/15)             Temple (1/1) D:6

Altars:
Ashenzari
Cheibriados
Dithmenos
Elyvilon
Fedhas
Gozag
Hepliaklqana
Kikubaaqudgha
Makhleb
Nemelex Xobeh
Okawaru
Qazlal
Sif Muna
Vehumet
Wu Jian
Xom
Yredelemnul
Zin
The Shining One

Shops:
D:4 %


Innate Abilities, Weirdness & Mutations

You reflexively headbutt those who attack you in melee.
You have a pair of horns on your head.


Message History

You miss something. You headbutt something! Trog accepts your kill.
Trog appreciates your killing of a magic user.
Reactivating autopickup.
Your Shields skill increases to level 6!
You feel a bit more experienced.
You barely miss the orc warrior.
You hit the worker ant zombie but do no damage.
You hit the orc wizard. The orc warrior barely misses you.
The orc wizard completely misses you. You furiously retaliate!
You headbutt the orc wizard!
You kill the orc wizard!
Trog accepts your kill.
Trog appreciates your killing of a magic user.
The worker ant zombie closely misses you.
You furiously retaliate!
You headbutt the worker ant zombie! You hit the worker ant zombie.
The worker ant zombie is severely damaged.
You closely miss the orc warrior.
The orc warrior hits you with a war axe!!
You die...

# #. ##'## ##...## #
##.....## ...
##.......#####....
####.........#.......
...'.....)..)'.......
#....)@..)#.##...# #
##...oZ.)##.# #
##.....## .# ##.%.##
.# ##'## .# #.# ..
#.# ## ##########.##
............########


You could see an orc warrior and a worker ant zombie.

Vanquished Creatures
  3 sky beasts
  Purgy (Sewer)
  3 phantoms
  An ice beast (D:5)
  3 ogres
  2 centaurs
  2 bullfrogs (D:6)
  A scorpion (D:5)
  4 killer bees (D:6)
  2 howler monkeys
  A centaur zombie (D:5)
  A crimson imp (D:5)
  A bullfrog skeleton (D:2)
  2 orc priests
  A hound (D:5)
  A jelly (D:5)
  Jessica (D:2)
  An iguana (D:5)
  5 orc wizards
  2 worker ants
  9 gnolls
  A howler monkey skeleton (D:4)
  9 adders
  2 shadow imps
  An ooze (D:2)
  An adder skeleton (D:5)
  3 dart slugs
  5 worms
  3 leopard geckos
  6 orcs
  13 bats
  7 giant cockroaches
  2 gnoll zombies (D:5)
  2 goblins
  8 hobgoblins
  8 jackals (D:1)
  2 quokkas
  3 ball pythons
  5 frilled lizards
  A jackal skeleton (D:4)
  2 kobolds
  A leopard gecko zombie (D:5)
  2 quokka skeletons (D:4)
  7 rats
141 creatures vanquished.

Notes
Turn   | Place    | Note
-------+----------+-------------------------------------------
     0 | D:1      | thomasnlv21 the Minotaur Berserker began the quest for the
                  | Orb.
     0 | D:1      | Reached XP level 1. HP: 19/19 MP: 0/0
   119 | D:1      | Reached XP level 2. HP: 19/27 MP: 1/1
   870 | D:2      | Noticed Jessica
   878 | D:2      | Killed Jessica
   878 | D:2      | Reached ** piety under Trog
   878 | D:2      | Reached skill level 1 in Shields
   878 | D:2      | Reached XP level 3. HP: 33/33 MP: 2/2
   979 | D:2      | Found an opulent altar of Gozag.
  1083 | D:2      | Reached XP level 4. HP: 40/40 MP: 3/3
  1481 | D:2      | Reached XP level 5. HP: 40/47 MP: 4/4
  2074 | D:3      | Noticed a sky beast
  2084 | D:3      | Killed a sky beast
  2084 | D:3      | Reached skill level 5 in Fighting
  2084 | D:3      | Reached skill level 5 in Axes
  2084 | D:3      | Reached XP level 6. HP: 56/56 MP: 5/5
  2297 | D:3      | Found a glowing drain.
  2314 | Sewer    | Entered a sewer
  2377 | Sewer    | Noticed Purgy
  2383 | Sewer    | Killed Purgy
  2910 | D:4      | Found a stormy altar of Qazlal.
  2933 | D:4      | Reached *** piety under Trog
  3151 | D:4      | Found Kunnelusm's Food Shop.
  3166 | D:4      | Reached XP level 7. HP: 54/61 MP: 6/6
  3294 | D:4      | Reached skill level 5 in Armour
  3555 | D:5      | Entered Level 5 of the Dungeon
  3591 | D:5      | Reached skill level 5 in Dodging
  3620 | D:5      | Reached XP level 8. HP: 21/70 MP: 7/7
  4265 | D:5      | Found a basalt altar of Yredelemnul.
  4466 | D:5      | Found a glowing golden altar of the Shining One.
  4833 | D:5      | Reached skill level 5 in Shields
  5329 | D:6      | Found a staircase to the Ecumenical Temple.
  5404 | Temple   | Entered the Ecumenical Temple
  5628 | D:6      | Reached skill level 1 in Stealth
  5637 | D:6      | Reached **** piety under Trog
  5946 | D:6      | Reached XP level 9. HP: 57/79 MP: 8/8
  6439 | D:6      | Mangled by an orc warrior

Skill      XL: |  1  2  3  4  5  6  7  8  9 |
---------------+----------------------------+-----
Axes           | 4 5 6 7 |  7.4
Fighting       | 4 5 6 7 |  7.5
Armour         | 3 4 5 6 |  6.9
Shields        | 1 2 3 4 5 6 |  6.0
Dodging        | 3 4 5 6 |  6.4
Stealth        | 1 |  1.5

Action                   |  1- 3 |  4- 6 |  7- 9 || total
-------------------------+-------+-------+-------++-------
Melee: Hand axe          |    62 |   127 |   219 ||   408
       Headbutt          |    12 |    30 |    45 ||    87
Invok: Berserk           |       |     1 |     2 ||     3
  Use: Scroll            |     5 |     2 |     3 ||    10
       Potion            |     1 |     5 |     5 ||    11
  Eat: Chunk             |     1 |     7 |     8 ||    16
       Ration            |       |       |     1 ||     1
Armor: Animal skin       |     4 |       |       ||     4
       Ring mail         |     9 |    48 |       ||    57
       Chain mail        |       |    10 |   126 ||   136
Dodge: Dodged            |    42 |   104 |   103 ||   249
